 Dungeon Crawl Stone Soup version 0.32-a0-685-g93135e86f0 (webtiles) character file.

Game seed: 12998620287557469411

58 javelincjr the Grasshopper (level 3, -4/28 HPs)
             Began as a Demonspawn Warper on Mar 12, 2024.
             Was an Elder of Jiyva.
             Slain by a river rat (6 damage)
             ... on level 4 of the Dungeon.
             The game lasted 00:05:09 (2061 turns).

javelincjr the Grasshopper (Demonspawn Warper)      Turns: 2061, Time: 00:05:09

Health: -4/28      AC:  3    Str: 13    XL:     3   Next: 75%
Magic:  8/8        EV: 11    Int: 19    God:    Jiyva [****..]
Gold:   136        SH:  0    Dex: 12    Spells: 2/6 levels left

rFire   . . .        a - +0 spear
rCold   . . .        (no shield)
rNeg    . . .        b - +0 leather armour
rPois   .            (no helmet)
rElec   .            (no cloak)
rCorr   +            (no gloves)
SInv    .            (no boots)
Will    .....        (no amulet)
Stlth   +            e - +6 ring of intelligence
HPRegen 1.52/turn    (no ring)
MPRegen 0.75/turn

%: no passive effects
@: no status effects
A: demonic magic 1, high MP 3, engulf
a: Renounce Religion, Oozemancy, Slimify


You were on level 4 of the Dungeon.
You worshipped Jiyva.
Jiyva was greatly pleased with you.
You visited 1 branch of the dungeon, and saw 4 of its levels.

You collected 136 gold pieces.

Inventory:

Hand Weapons
 a - a +0 spear (weapon)
Missiles
 d - 7 darts of dispersal (quivered)
 o - 6 javelins
Armour
 b - a +0 leather armour (worn)
 n - a +0 cloak
Jewellery
 e - a +6 ring of intelligence (left hand)
Talismans
 k - a beast talisman
Scrolls
 c - a scroll of blinking
 h - 4 scrolls of identify {unknown}
 i - 2 scrolls of torment {unknown}
 j - a scroll of immolation {unknown}
 m - a scroll of revelation {unknown}
 p - a scroll of enchant weapon {unknown}
 q - a scroll of poison {unknown}
Potions
 f - a potion of degeneration {unknown}
 g - a potion of heal wounds {unknown}
 l - 2 potions of might {unknown}
 r - a potion of brilliance {unknown}


   Skills:
 * Level 2.7 Fighting
 + Level 2.1 Polearms
 - Level 0.9 Throwing
 + Level 1.4 Armour
 + Level 2.1 Dodging
 + Level 2.2 Spellcasting
 + Level 2.9 Translocations


You had 2 spell levels left.
You knew the following spells:

 Your Spells              Type           Power      Damage    Failure   Level
a - Blink                 Tloc           26%        N/A       10%         2
b - Lesser Beckoning      Tloc           26%        N/A       10%         2

Your spell library contained the following spells:

 Spells                   Type           Power      Damage    Failure   Level
 Freeze                   Ice            8%         1d3       22%         1
 Teleport Other           Tloc           13%        N/A       19%         3
 Manifold Assault         Tloc           13%        N/A       52%         4
 Frozen Ramparts          Ice            4%         1d1       54%         3
 Hailstorm                Conj/Ice       2%         3d5       54%         3
 Ozocubu's Armour         Ice            2%         N/A       54%         3
 Vhi's Electric Charge    Tloc/Air       14%        N/A       75%         4
 Metabolic Englaciation   Hex/Ice        1%         N/A       99%         5


Dungeon Overview and Level Annotations

Branches:
Dungeon (4/15)             Temple (0/1) D:4

Altars:
Ashenzari
Jiyva

Portals:
Sewer: D:4


Innate Abilities, Weirdness & Mutations

Spells you cast may paralyse adjacent enemies.
You have a greatly increased reservoir of magic. (+30% MP)
Your melee attacks may engulf your foes in ooze.


Message History

You hit the river rat.
The river rat is moderately wounded.
The river rat bites you but does no damage.
Your unstable footing causes you to fumble your attack.
The river rat bites you.
Your unstable footing causes you to fumble your attack.
The river rat bites you!
You hit the river rat but do no damage.
The river rat is moderately wounded.
The river rat barely misses you.
Your unstable footing causes you to fumble your attack.
The river rat bites you.
Your unstable footing causes you to fumble your attack.
The river rat misses you. The river rat closely misses you.
The river rat bites you. The river rat barely misses you.
The river rat bites you! The river rat bites you!
* * * LOW HITPOINT WARNING * * *
The river rat closely misses you. The river rat bites you.
* * * LOW HITPOINT WARNING * * *
The river rat bites you.
* * * LOW HITPOINT WARNING * * *
There is a glowing drain here.
You hit the river rat but do no damage.
The river rat is moderately wounded.
The river rat barely misses you.
You hit the river rat.
You engulf the river rat in ooze!
The river rat is heavily wounded.
The river rat bites you.
* * * LOW HITPOINT WARNING * * *
You closely miss the river rat.
The river rat is heavily wounded.
The river rat bites you.
* * * LOW HITPOINT WARNING * * *
You hit the river rat but do no damage.
The river rat is heavily wounded.
The river rat bites you.
You die...
Jiyva sends a jelly to digest your remains.

#######.#
#.....##.####.
##.......# ##.#.....# .
#..####..####.#.##..#
#.##~~####~~###..#..##
#..~~~~~~~~~~#.#.....##
####~~####~~##.#..##..#
####~~##†##....###.###
#~~~~~~#~###...###....
#~~~r@~#~# #.#.##.....
#~##~~##~# #........##
##~~####~~##..#...##..#
#~~~~~~~~~~#.###..###.#
##~~####~~######...# ..
#####.####........# ##
#..............###
#................#
#.......[......###


You could see a river rat (engulfed).

Vanquished Creatures
  An adder (D:4)
  A dart slug (D:1)
  2 ribbon worms (D:4)
  2 orcs (D:3)
  An endoplasm (D:1)
  A giant cockroach (D:4)
  8 hobgoblins
  3 quokkas
  A ball python (D:3)
  8 bats
  4 frilled lizards
  2 kobolds (D:3)
  5 rats
39 creatures vanquished.

Vanquished Creatures (others)
  2 adders (D:2)
  3 orcs (D:3)
  2 ball pythons
  A goblin (D:1)
  3 hobgoblins
  2 kobolds
  3 bats
  A rat (D:1)
17 creatures vanquished.

Grand Total: 56 creatures vanquished

Notes
Turn   | Place    | Note
-------+----------+-------------------------------------------
     0 | D:1      | javelincjr the Demonspawn Warper began the quest for the
                  | Orb.
     0 | D:1      | Reached XP level 1. HP: 16/16 MP: 3/3
   123 | D:1      | Reached skill level 1 in Armour
   159 | D:1      | Found a faded altar of an unknown god.
   183 | D:1      | Prayed at the altar of an unknown god.
   183 | D:1      | Became a worshipper of Jiyva Jaucoeli the Shapeless
   183 | D:1      | Reached * piety under Jiyva
   196 | D:1      | Gained mutation: Spells you cast may paralyse adjacent
                  | enemies. [demonic ancestry]
   196 | D:1      | Reached XP level 2. HP: 22/22 MP: 5/5
   310 | D:1      | Learned a level 2 spell: Blink
   313 | D:1      | Learned a level 2 spell: Lesser Beckoning
   473 | D:1      | Reached ** piety under Jiyva
  1125 | D:2      | Reached *** piety under Jiyva
  1286 | D:2      | Gained mutation: You have an increased reservoir of magic.
                  | (+10% MP) [Jiyva's grace]
  1286 | D:2      | Gained mutation: You have a considerably increased
                  | reservoir of magic. (+20% MP) [Jiyva's grace]
  1286 | D:2      | Gained mutation: You have a greatly increased reservoir of
                  | magic. (+30% MP) [Jiyva's grace]
  1286 | D:2      | Gained mutation: Your melee attacks may engulf your foes in
                  | ooze. [Jiyva's grace]
  1484 | D:3      | Reached XP level 3. HP: 21/28 MP: 8/8
  1553 | D:3      | Found a broken altar of Ashenzari.
  1749 | D:4      | Reached **** piety under Jiyva
  1806 | D:4      | Found a staircase to the Ecumenical Temple.
  2034 | D:4      | Found a glowing drain.
  2060 | D:4      | HP: 1/28 [river rat (6)]
  2061 | D:4      | Slain by a river rat

Illustrated notes

Levels and vault maps discovered:
D:1:      roderic_octagonal_star, layout_basic,
          dreamdust_ecumenical_altar_statues
D:2:      layout_loops_cross, minmay_tetromino_l4
D:3:      layout_rooms, mainiacjoe_overflow_alcove_4, minmay_surrounded
D:4:      layout_rooms, temple_green, gup_sewer_entry_bubbles

Skill      XL: |  1  2  3 |
---------------+----------+-----
Armour         | 1 |  1.4
Polearms       | 2 |  2.1
Dodging        | 2 |  2.1
Fighting       | |  2.7
Throwing       | |  0.9
Spellcasting   | |  2.2
Translocations | |  2.9

Action                     || total
---------------------------++-------
  Melee: Spear             ||   175
 Armour: Leather armour    ||    90
  Dodge: Dodged            ||    78

Table legend: (Time is in decaauts)
 A = Elapsed time spent in this place.
 B = Non-inter-level travel time spent in this place.
 C = Inter-level travel time spent in this place.
 D = Time resting spent in this place.
 E = Time spent auto-exploring this place.
 F = Levels seen in this place.
 G = Mean time per level.
                   A        B        C        D        E       F      G
               +--------+--------+--------+--------+--------+-----+--------+
         Total |   2078 |   1974 |    104 |      0 |   1476 |   4 |  519.5 |
       Dungeon |   2078 |   1974 |    104 |      0 |   1476 |   4 |  519.5 |
               +--------+--------+--------+--------+--------+-----+--------+

Top non-repeatable levels by time:
     D:1: 806 daAuts
     D:2: 543 daAuts
     D:4: 402 daAuts
     D:3: 325 daAuts
